 Dungeon Crawl Stone Soup version 0.21.1-1-g345015f (webtiles) character file.

183 stormannn the Carver (level 5, -7/47 HPs)
             Began as a Gnoll Wanderer on Feb 22, 2018.
             Mangled by a goblin
             ... wielding a +0 club
             ... led by Robin
              (9 damage)
             ... on level 3 of the Dungeon.
             The game lasted 00:05:19 (3109 turns).

stormannn the Carver (Gnoll Wanderer)               Turns: 3109, Time: 00:05:19

Health: -7/47      AC:  3    Str: 16    XL:     5   Next: 62%
Magic:  7/7        EV: 12    Int: 13    God:
Gold:   75         SH:  0    Dex: 15    Spells: 7/7 levels left

rFire    . . .     SeeInvis .   a - +2 falchion
rCold    . . .     Gourm    .   (no shield)
rNeg     . . .     Faith    .   d - +0 robe
rPois    .         Spirit   .   l - +0 helmet
rElec    .         Reflect  .   (no cloak)
rCorr    .         Harm     .   (no gloves)
MR       .....                  (no boots)
Stlth    ++........             (no amulet)
HPRegen  0.15/turn              (no ring)
MPRegen  0.10/turn              (no ring)

@: no status effects
A: distributed training, fangs 1, strong nose
a: no special abilities


You were on level 3 of the Dungeon.
You were not hungry.

You visited 1 branch of the dungeon, and saw 3 of its levels.

You collected 75 gold pieces.

Inventory:

Hand Weapons
 a - a +2 falchion (weapon)
Armour
 d - a +0 robe (worn)
 l - a +0 helmet (worn)
Wands
 r - a wand of enslavement (13)
Scrolls
 c - 4 scrolls of teleportation
 e - 4 scrolls of identify {unknown}
 g - a scroll of fear {unknown}
 n - a scroll of remove curse {unknown}
 p - a scroll of fog {unknown}
Potions
 b - 2 potions of lignification
 h - 2 potions of flight {unknown}
 i - a potion of haste {unknown}
 j - a potion of berserk rage {unknown}
 k - a potion of ambrosia {unknown}
 m - a potion of degeneration {unknown}
 o - a potion of heal wounds {unknown}
 q - a potion of might {unknown}
Comestibles
 f - 4 rations
 s - 2 chunks of flesh


   Skills:
 + Level 6.7 Fighting
 + Level 1.5 Short Blades
 + Level 8.6 Long Blades
 + Level 1.5 Axes
 + Level 1.5 Maces & Flails
 + Level 1.5 Polearms
 + Level 1.5 Staves
 + Level 1.5 Slings
 + Level 1.5 Bows
 + Level 1.5 Crossbows
 + Level 1.5 Throwing
 + Level 1.5 Armour
 + Level 1.5 Dodging
 + Level 2.8 Stealth
 + Level 3.0 Shields
 + Level 1.5 Unarmed Combat
 + Level 1.5 Spellcasting
 + Level 1.2 Conjurations
 + Level 1.2 Hexes
 + Level 1.2 Charms
 + Level 1.2 Summonings
 + Level 1.2 Necromancy
 + Level 1.2 Translocations
 + Level 1.2 Transmutations
 + Level 1.2 Fire Magic
 + Level 1.2 Ice Magic
 + Level 1.2 Air Magic
 + Level 1.2 Earth Magic
 + Level 1.2 Poison Magic
 + Level 1.7 Invocations
 + Level 3.0 Evocations


You had 7 spell levels left.
You didn't know any spells.

Dungeon Overview and Level Annotations

Branches:
Dungeon (3/15)

Altars:
Kikubaaqudgha
The Shining One

Annotations:
D:3 Robin


Innate Abilities, Weirdness & Mutations

Your experience applies equally to all skills.
You have very sharp teeth.
Your uncanny sense of smell can sniff out nearby items.


Message History

The goblin hits you with a club!
* * * LOW HITPOINT WARNING * * *
The goblin hits you but does no damage. The goblin barely misses you.
You slash the goblin!
You kill the goblin!
The hobgoblin barely misses you.
You riposte.
You hit the hobgoblin.
You bite the hobgoblin, but do no damage.
The hobgoblin is almost dead.
The goblin closely misses you. The gnoll closely misses you.
The goblin misses you. The goblin hits you with a dagger.
* * * LOW HITPOINT WARNING * * *
Unknown command.
You hit the goblin.
You kill the goblin!
The hobgoblin closely misses you.
You riposte.
You barely miss the hobgoblin.
You bite the hobgoblin, but do no damage.
The hobgoblin is almost dead.
The gnoll closely misses you. The goblin barely misses you.
Robin throws the goblin at you! The goblin hits you with a club!
You die...

[#.#.# #.#.#.# #
#.#.#.#.## #.#.#.#.#
###.......#
..........####
#..........#
######......###g######
#...........#g@ggg....
#.###.......#ggg......
###.# #........lggg.....
..#.###..#####..g.......
#...<........#..........
############.#..........
.. ..#.......#..........
.# #.#.#######.##?######
.# #.#.# #.. .#


You could see Robin, 4 gnolls, a hobgoblin, 6 goblins and a frilled lizard.

Vanquished Creatures
  A hound (D:2)
  A worker ant (D:2)
  4 adders
  4 worms
  5 dart slugs
  4 leopard geckos
  4 giant cockroaches
  7 hobgoblins
  7 jackals (D:2)
  9 kobolds
  2 ball pythons
  3 bats
  4 frilled lizards
  7 goblins
  4 rats
66 creatures vanquished.

Notes
Turn   | Place    | Note
-------+----------+-------------------------------------------
     0 | D:1      | stormannn the Gnoll Wanderer began the quest for the Orb.
     0 | D:1      | stormannn set off with: a +2 falchion, a potion of lignification, a scroll of teleportation, a +0 robe, a ration
     0 | D:1      | Reached XP level 1. HP: 23/23 MP: 2/2
   357 | D:1      | Reached XP level 2. HP: 29/29 MP: 3/3
   879 | D:1      | Reached XP level 3. HP: 35/35 MP: 4/4
  1395 | D:2      | Reached skill level 1 in Invocations
  1411 | D:2      | Found a glowing golden altar of the Shining One.
  1463 | D:2      | Reached skill level 1 in Short Blades
  1463 | D:2      | Reached skill level 1 in Axes
  1463 | D:2      | Reached skill level 1 in Maces & Flails
  1463 | D:2      | Reached skill level 1 in Polearms
  1463 | D:2      | Reached skill level 1 in Staves
  1463 | D:2      | Reached skill level 1 in Slings
  1463 | D:2      | Reached skill level 1 in Bows
  1463 | D:2      | Reached skill level 1 in Crossbows
  1463 | D:2      | Reached skill level 1 in Throwing
  1463 | D:2      | Reached skill level 1 in Armour
  1463 | D:2      | Reached skill level 1 in Dodging
  1463 | D:2      | Reached skill level 1 in Unarmed Combat
  1463 | D:2      | Reached skill level 1 in Spellcasting
  1463 | D:2      | Reached XP level 4. HP: 24/41 MP: 4/6
  1729 | D:2      | Found an ancient bone altar of Kikubaaqudgha.
  1869 | D:2      | Reached skill level 1 in Conjurations
  1869 | D:2      | Reached skill level 1 in Hexes
  1869 | D:2      | Reached skill level 1 in Charms
  1869 | D:2      | Reached skill level 1 in Summonings
  1869 | D:2      | Reached skill level 1 in Necromancy
  1869 | D:2      | Reached skill level 1 in Translocations
  1869 | D:2      | Reached skill level 1 in Transmutations
  1869 | D:2      | Reached skill level 1 in Fire Magic
  1869 | D:2      | Reached skill level 1 in Ice Magic
  1869 | D:2      | Reached skill level 1 in Air Magic
  1869 | D:2      | Reached skill level 1 in Earth Magic
  1869 | D:2      | Reached skill level 1 in Poison Magic
  1981 | D:2      | Reached XP level 5. HP: 40/47 MP: 7/7
  3097 | D:3      | Noticed Robin
  3108 | D:3      | HP: 2/47 [goblin/dagger[Robin] (1)]
  3109 | D:3      | Mangled by a goblin

Skill      XL: |  1  2  3  4  5 |
---------------+----------------+-----
Invocations    | 1 |  1.7
Short Blades   | 1 |  1.5
Axes           | 1 |  1.5
Maces & Flails | 1 |  1.5
Polearms       | 1 |  1.5
Staves         | 1 |  1.5
Slings         | 1 |  1.5
Bows           | 1 |  1.5
Crossbows      | 1 |  1.5
Throwing       | 1 |  1.5
Armour         | 1 |  1.5
Dodging        | 1 |  1.5
Unarmed Combat | 1 |  1.5
Spellcasting   | 1 |  1.5
Conjurations   | 1 |  1.2
Hexes          | 1 |  1.2
Charms         | 1 |  1.2
Summonings     | 1 |  1.2
Necromancy     | 1 |  1.2
Translocations | 1 |  1.2
Transmutations | 1 |  1.2
Fire Magic     | 1 |  1.2
Ice Magic      | 1 |  1.2
Air Magic      | 1 |  1.2
Earth Magic    | 1 |  1.2
Poison Magic   | 1 |  1.2
Shields        | 3 |  3.0
Evocations     | 3 |  3.0
Fighting       | |  6.7
Long Blades    | |  8.6
Stealth        | |  2.8

Action                   |  1- 3 |  4- 6 || total
-------------------------+-------+-------++-------
Melee: Falchion          |    83 |    98 ||   181
       Bite              |    12 |    12 ||    24
 Stab: Sleeping          |     3 |     4 ||     7
       Distracted        |       |     1 ||     1
  Eat: Chunk             |     2 |     5 ||     7
Armor: Robe              |    18 |    18 ||    36
Dodge: Dodged            |    30 |    63 ||    93
       Rpst.: Falchion   |     6 |    20 ||    26
